groovejumper, neutral female human Wizard --------- |..[....| |.......| -------- |.......| ........# -.------- |.....*|## # |.......## ------------- ### #....<..|# #|`.........`| # #--------# ##......`.....| #)#%#)%############### #|...----- | # #|.f.|.{.| # #|.@*.{@{| # #|...|.{.| # #|..b----- # #|.... ----------### #|`..... |........+# #-------- |........|################### | |...+....-################### ....*.| ---------- ------ groovejumper the Thaumaturge Experience level: 8 Strength: 11 Dexterity: 14 Constitution: 16 Intelligence: 18 Wisdom: 12 Charisma: 10 Health: 0(54) Energy: 3(59) AC: 7 Gold: 1153 Moves: 5178 Your Inventory: Coins $ - 1153 gold pieces Amulets h - an [uncursed] oval amulet [of ESP] Weapons a - a blessed +1 quarterstaff (weapon in hands) U - an [uncursed +0] dagger [of reflection] X - 15 [uncursed +0] darts (in quiver) Armor b - an uncursed +0 cloak of magic resistance (being worn) v - an [uncursed] +0 leather hat [elven leather helm] (being worn) R - an [uncursed] +0 pair of combat boots [water walking] (being worn) Comestibles u - an [uncursed] lizard corpse O - 5 [uncursed] food rations Scrolls i - an uncursed scroll of teleportation j - a blessed scroll of destroy armor k - an uncursed scroll of light p - an [uncursed] scroll labeled FOOBIE BLETCH [of enchant weapon] s - a [blessed] scroll labeled HZLRC KSTSBD MPFNG [of gold detection] I - an uncursed scroll of magic mapping S - an uncursed scroll of scare monster Y - a [cursed] scroll labeled GNIK SISI VLE [of enchant armor] Spellbooks l - a blessed spellbook of force bolt m - an uncursed spellbook of slow monster y - a [blessed] paperback spellbook [of light] Q - an [uncursed] spellbook of protection V - an [uncursed] spellbook of cure blindness Potions g - an uncursed potion of healing x - an [uncursed] amber potion [of gain ability] K - 2 uncursed potions of see invisible P - 4 blessed potions called water [of holy water] Rings d - an uncursed +1 ring of gain constitution e - an uncursed ring of stealth Wands c - an uncursed wand of striking (0:8) M - an [uncursed] wand of striking [0:5] T - an uncursed wand of undead turning (0:5) Tools f - an [uncursed tallow] candle n - an uncursed blindfold o - an uncursed tin whistle L - an [uncursed] key [skeleton key] Spells known in the end: Name Level Category Fail Memory a - force bolt 1 attack 0% [||||||..] b - slow monster 2 enchantment 0% [||||||..] c - protection 1 clerical 0% [|||||||.] d - cure blindness 2 healing 43% [|||||||.] e - knock 1 matter 0% [||||||||] Your skills at the end: Fighting Skills Weapon Skills quarterstaff [Skilled / Expert] Spellcasting Skills attack spells [Basic / Expert] enchantment spells [Basic / Skilled] Final Attributes: You were piously aligned. Hunger level was 756. Your alignment was 35 / 35. Monster difficulty range was 1 - 7. Level difficulty was 7. You resisted cold. You were magic-protected. You were telepathic. You could walk on water. You were unlucky (-2). You are dead. Vanquished creatures: a small mimic a giant beetle a quivering blob a giant spider a lizard a jaguar 2 blue jellies a raven a rope golem a Woodland-elf a wood nymph 2 mountain nymphs an enormous rat a pony a fog cloud a yellow light a shrieker a gnome lord a barrow wight 4 elf zombies 2 straw golems a floating eye 3 kobold lords 2 rabid rats 3 Kop Sergeants 2 iguanas 2 hobbits a large kobold a hobgoblin a cave spider a red mold a gnome 9 Keystone Kops 5 garter snakes a gnome zombie 3 geckos 6 jackals 2 foxes 2 kobolds a goblin 7 grid bugs a bat 6 lichens 3 kobold zombies 10 newts 101 creatures vanquished. Voluntary challenges: You used a wielded weapon 110 times. You read items or engraved 9 times. You put on armor 4 times. You never genocided any monsters. You never polymorphed an object. You never changed form. You used no wishes. You wrote Elbereth's name 1 time. You never encountered a bones level. You never used any Sokoban shortcuts. Dungeon overview: The Dungeons of Doom: levels 1 to 7 Level 1 an altar to Thoth, a fountain, a sink a long staircase Level 2 a general store Level 3 a long staircase Level 4 a fountain Level 5 some fountains Level 6 a fountain Level 7 <- You were here many fountains History has recorded: On T:1 you entered the Dungeons of Doom to retrieve the Amulet of Yendor! On T:426 you reached level 2 of The Dungeons of Doom. On T:731 you advanced to experience level 2. On T:1470 you advanced to experience level 3. On T:2139 you advanced to experience level 4. On T:2470 you advanced to experience level 5. On T:2545 you advanced to experience level 6. On T:2568 you reached level 3 of The Dungeons of Doom. On T:3017 you reached level 4 of The Dungeons of Doom. On T:3537 you reached level 5 of The Dungeons of Doom. On T:3667 you advanced to experience level 7. On T:3809 you reached level 6 of The Dungeons of Doom. On T:4893 you advanced to experience level 8. On T:4984 you reached level 7 of The Dungeons of Doom. Latest messages: Done. [2 turns] You don't have enough energy to cast that spell. The large cat bites! [HP-7=47] You hit the large cat. The large cat bites! (2x) [HP-8=39] You hit the large cat. The large cat bites! (2x) [HP-13=26] [2 turns] You hit the large cat. The large cat bites! [HP-6=20] You miss the large cat. The large cat bites! (2x) [HP-13=7] You write "Elbereth" with your fingers into the dust. The large cat bites! (2x) You die... Final status: Goodbye groovejumper the Wizard... You died in The Dungeons of Doom on dungeon level 7 with 6844 points, and 1153 pieces of gold, after 5178 moves. You were level 8 with a maximum of 54 hit points when you died.